 Dungeon Crawl Stone Soup version 0.31-a0-152-g6aa68a64a1 (webtiles) character file.

Game seed: 11051412051651114429

326 qw the Shooter (level 6, -3/38 HPs)
             Began as a Gargoyle Hunter on June 10, 2023.
             Was an Initiate of Okawaru.
             Shot with an arrow by a centaur (12 damage)
             ... on level 4 of the Dungeon.
             The game lasted 00:01:34 (3537 turns).

qw the Shooter (Gargoyle Hunter)                    Turns: 3537, Time: 00:01:34

Health: -3/38      AC: 13    Str: 15    XL:     6   Next: 49%
Magic:  6/6        EV: 11    Int:  9    God:    Okawaru [......]
Gold:   188        SH:  0    Dex: 15    Spells: 5/5 levels left

rFire   . . .        Y - +0 shortbow (flame)
rCold   . . .        (shield currently unavailable)
rNeg    + . .        g - +0 ring mail
rPois   inf          a - +0 helmet
rElec   +            b - +0 cloak
rCorr   +            (no gloves)
SInv    .            e - +0 pair of boots
Will    .....        (no amulet)
Stlth   +            d - ring of resist corrosion
HPRegen 0.26/turn    (no ring)
MPRegen 0.10/turn

%: no passive effects
@: about to teleport
A: sickness immunity, AC +4, negative energy resistance 1, electricity
resistance, torment resistance 1, petrification resistance
a: Renounce Religion


You were on level 4 of the Dungeon.
You worshipped Okawaru.
Okawaru was noncommittal.
You visited 1 branch of the dungeon, and saw 4 of its levels.

You collected 188 gold pieces.


Innate Abilities, Weirdness & Mutations

You are immune to sickness and miasma.
Your stone body is resilient. (AC +4)
You are immune to poison.
You resist negative energy. (rN+)
You are resistant to electric shocks. (rElec)
You are resistant to unholy torment.
You are immune to petrification.


   Skills:
 - Level 4.0 Fighting
 + Level 6.5 Ranged Weapons
 - Level 2.1 Armour
 - Level 1.5 Dodging
 - Level 1.1 Stealth


You had 5 spell levels left.
You didn't know any spells.
Your spell library was empty.

Inventory:

Hand Weapons
 Y - a +0 shortbow of flaming (weapon)
Armour
 a - a +0 helmet (worn)
 b - a +0 cloak (worn)
 e - a +0 pair of boots (worn)
 g - a +0 ring mail (worn)
 k - a +0 pair of gloves
Jewellery
 d - a ring of resist corrosion (left hand)
 l - a ring of fire
Scrolls
 c - a scroll of enchant weapon {unknown}
 h - a scroll of noise {unknown}
 i - 2 scrolls of vulnerability {unknown}
 m - a scroll of identify {unknown}
Potions
 f - 2 potions of haste
 n - a potion of curing {unknown}

Dungeon Overview and Level Annotations

Branches:
Dungeon (4/15)
 Temple: D:4-7

Altars:
Okawaru
Qazlal

Shops:
D:1 :

Annotations:
D:3 3 runed translucent doors, qw's ghost, amateur GrHu


Message History

Enter note:
Enter note:
Enter note:
Enter note:
Enter note:
Enter note:
Enter note: You shoot an arrow.
The arrow barely misses the centaur.
The centaur shoots an arrow.
The arrow hits you.
You shoot an arrow.
The arrow hits the centaur but does no damage.
The centaur shoots an arrow.
The arrow barely misses you.
The centaur shoots an arrow.
The arrow hits you but does no damage.
You shoot an arrow. The arrow hits the centaur.
The arrow burns the centaur.
The centaur is moderately wounded.
The centaur shoots an arrow.
The arrow closely misses you.
The centaur shoots an arrow.
The arrow misses you.
You shoot an arrow. The arrow barely misses the centaur.
The centaur shoots an arrow.
The arrow hits you.
The centaur shoots an arrow.
The arrow barely misses you.
You shoot an arrow.
The arrow hits the centaur but does no damage.
The centaur is moderately wounded.
The centaur shoots an arrow.
The arrow hits you!
You shoot an arrow.
The arrow hits the centaur but does no damage.
The centaur is moderately wounded.
The centaur shoots an arrow.
The arrow hits you!
You shoot an arrow. The arrow hits the centaur!
The arrow burns the centaur.
The centaur is severely wounded.
The centaur shoots an arrow.
The arrow hits you.
The centaur shoots an arrow.
The arrow hits you.
3536 ||| READING scroll of teleportation.
As you read the scroll of teleportation, it crumbles to dust.
You feel strangely unstable.
You shoot an arrow.
The arrow hits the centaur but does no damage.
The centaur is severely wounded.
The centaur shoots an arrow.
The arrow hits you!
You die...

##.....## ### .
##...## # ##'##
#.# #?#
##.#######
##........#
#.........#
#.@..:c..#
######..#......
........# ....#
#######.# ...#
#.# ### #.#
##.######
#.......#
#..####.#


You could see a centaur.

Vanquished Creatures
  A hound (D:4)
  An orc priest (D:3)
  2 orc wizards
  Robin (D:2)
  6 adders
  2 worms (D:2)
  3 dart slugs
  13 orcs
  9 endoplasms
  8 giant cockroaches
  16 goblins
  12 hobgoblins
  7 jackals
  6 kobolds
  3 quokkas
  11 ball pythons
  6 bats
  3 frilled lizards
  7 rats
117 creatures vanquished.

Notes
Turn   | Place    | Note
-------+----------+-------------------------------------------
     0 | D:1      | qw the Gargoyle Hunter began the quest for the Orb.
     0 | D:1      | Reached XP level 1. HP: 12/12 MP: 1/1
     0 | D:1      | 0 ||| qw: Version: 0.2-a-123-gb51047a
     0 | D:1      | 0 ||| qw: Game counter: 3756
     0 | D:1      | 0 ||| qw: Always use a shield: true
     0 | D:1      | 0 ||| qw: God list: Okawaru
     0 | D:1      | 0 ||| qw: Allow faded altars: false
     0 | D:1      | 0 ||| qw: Do Orc after D:15 true
     0 | D:1      | 0 ||| qw: Do second Lair branch before Depths: true
     0 | D:1      | 0 ||| qw: Lair rune preference: random
     0 | D:1      | 0 ||| qw: Plans: Normal, Zot:1-4, Slime:5, God:TSO, Crypt,
                  | Tomb, Abyss, Pan, Hells, Win
     0 | D:1      | 0 ||| PLANNING D:1-11
   137 | D:1      | Reached XP level 2. HP: 17/17 MP: 2/2
   391 | D:1      | Found Pifros's Book Shoppe.
   772 | D:1      | Reached XP level 3. HP: 16/21 MP: 3/3
   772 | D:1      | 772 ||| FLEEEEING.
   773 | D:1      | 773 ||| FLEEEEING.
   774 | D:1      | 774 ||| FLEEEEING.
   775 | D:1      | 775 ||| FLEEEEING.
   776 | D:1      | 776 ||| FLEEEEING.
   777 | D:1      | 777 ||| FLEEEEING.
   778 | D:1      | 778 ||| FLEEEEING.
   779 | D:1      | 779 ||| FLEEEEING.
   780 | D:1      | 780 ||| FLEEEEING.
   781 | D:1      | 781 ||| FLEEEEING.
   782 | D:1      | 782 ||| FLEEEEING.
   783 | D:1      | 783 ||| FLEEEEING.
   784 | D:1      | 784 ||| FLEEEEING.
   785 | D:1      | 785 ||| FLEEEEING.
   874 | D:1      | Reached skill level 5 in Ranged Weapons
  1027 | D:1      | 1027 ||| UPGRADING to +0 ring mail.
  1037 | D:1      | 1037 ||| DROPPING +0 leather armour.
  1038 | D:1      | 1038 ||| UPGRADING to ring of resist corrosion.
  1039 | D:1      | 1039 ||| READING scroll labelled FIPSET MIONK.
  1040 | D:1      | 1040 ||| DROPPING scroll of butterflies.
  1083 | D:2      | Reached skill level 1 in Armour
  1155 | D:2      | Noticed Robin
  1172 | D:2      | Killed Robin
  1173 | D:2      | Reached skill level 3 in Fighting
  1173 | D:2      | Reached XP level 4. HP: 14/28 MP: 4/4
  1179 | D:2      | HP: 7/28 [hobgoblin[Robin] (4)]
  1188 | D:2      | HP: 7/28 [goblin/sling bullet[Robin] (3)]
  2130 | D:2      | 2130 ||| UPGRADING to +0 helmet.
  2135 | D:2      | 2135 ||| DROPPING +1 hat.
  2136 | D:2      | 2136 ||| DROPPING +6 ring of intelligence.
  2137 | D:2      | 2137 ||| READING scroll labelled TEUWEFEADI.
  2138 | D:2      | 2138 ||| READING scroll labelled ZERHYELUJO.
  2143 | D:2      | 2143 ||| DRINKING 3 murky puce potions.
  2174 | D:3      | Reached XP level 5. HP: 32/32 MP: 5/5
  2185 | D:3      | Found a runed translucent gate.
  2185 | D:3      | Found a runed translucent gate.
  2185 | D:3      | Found a runed translucent gate.
  2186 | D:3      | Noticed qw's ghost (amateur GrHu)
  2188 | D:3      | Noticed a kobold brigand
  2205 | D:3      | Reached skill level 6 in Ranged Weapons
  2220 | D:3      | HP: 6/32 [something (4)]
  2225 | D:3      | HP: 3/32 [orc/+0 hand axe (4)]
  2229 | D:3      | HP: 1/32 [something (1)]
  2230 | D:3      | 2230 ||| FLEEEEING.
  2231 | D:3      | 2231 ||| FLEEEEING.
  2232 | D:3      | 2232 ||| FLEEEEING.
  2233 | D:3      | 2233 ||| FLEEEEING.
  2234 | D:3      | 2234 ||| FLEEEEING.
  2235 | D:3      | 2235 ||| FLEEEEING.
  2236 | D:3      | 2236 ||| FLEEEEING.
  2237 | D:3      | 2237 ||| FLEEEEING.
  2238 | D:3      | 2238 ||| FLEEEEING.
  2239 | D:3      | 2239 ||| FLEEEEING.
  2240 | D:3      | 2240 ||| STAIRDANCE
  2353 | D:2      | 2353 ||| UPGRADING to +0 cloak.
  2365 | D:3      | 2365 ||| STAIRDANCE
  2549 | D:3      | Reached XP level 6. HP: 38/38 MP: 6/6
  2568 | D:3      | Found a stormy altar of Qazlal.
  2584 | D:3      | Found an iron altar of Okawaru.
  2585 | D:3      | 2585 ||| PLANNING OKAWARU WORSHIP
  2585 | D:3      | 2585 ||| UPGRADING to +0 pair of boots.
  2612 | D:3      | 2612 ||| READING scroll labelled TEYPLI SYORUNN.
  2620 | D:3      | Became a worshipper of Warmaster Okawaru
  2620 | D:3      | 2620 ||| PLANNING D:1-11
  2887 | D:4      | 2887 ||| Stepping ~*~*~tactically~*~*~ (outnumbered).
  2889 | D:4      | 2889 ||| Stepping ~*~*~tactically~*~*~ (outnumbered).
  3535 | D:4      | HP: 8/38 [centaur/arrow (3)]
  3536 | D:4      | 3536 ||| READING scroll of teleportation.
  3537 | D:4      | Shot with an arrow by a centaur

Levels and vault maps discovered:
D:1:      scummos_arrival_gate, layout_basic, serial_shops, shop
D:2:      layout_basic, chequers_serial_rivers_small_a, uniq_robin
D:3:      layout_rooms, mainiacjoe_overflow_catch_the_wave,
          gammafunk_ghost_nasty_kobolds
D:4:      layout_loops_corners, hangedman_decor_lopped

Skill      XL: |  1  2  3  4  5  6 |
---------------+-------------------+-----
Ranged Weapons | 5 6 |  6.5
Armour         | 1 2 |  2.1
Fighting       | 3 4 |  4.0
Dodging        | |  1.5
Stealth        | |  1.1

Action                     |  1- 3 |  4- 6 || total
---------------------------+-------+-------++-------
   Fire: Shortbow          |   146 |   238 ||   384
    Use: Scroll            |     1 |     4 ||     5
         Potion            |       |     1 ||     1
 Armour: Leather armour    |    24 |       ||    24
         Ring mail         |     6 |   101 ||   107
  Dodge: Dodged            |    40 |   107 ||   147

Table legend:
 A = Non-vault XP
 B = Vault XP
 C = Vault XP percentage of total XP
 D = Non-vault monster count
 E = Vault monster count
 F = Vault count percentage of total count
                 A         B        C        D         E       F
            +---------+---------+-------+---------+---------+-------
      Total |     428 |      39 |   8.4 |     104 |      13 |  11.1
            +---------+---------+-------+---------+---------+-------
        D:1 |      49 |       0 |   0.0 |      29 |       0 |   0.0
        D:2 |     115 |      39 |  25.3 |      28 |      13 |  31.7
        D:3 |     132 |       0 |   0.0 |      27 |       0 |   0.0
        D:4 |     132 |       0 |   0.0 |      20 |       0 |   0.0
            +---------+---------+-------+---------+---------+-------
